 Dungeon Crawl Stone Soup version 0.25.0-1-g7eea58d2a3 (webtiles) character file.

Game seed: 1310724080904340433

164 DeadF the Sneak (level 5, -3/21 HPs)
             Began as a Felid Enchanter on June 13, 2020.
             Slain by a worker ant (7 damage)
             ... on level 4 of the Dungeon.
             The game lasted 00:16:02 (6698 turns).

DeadF the Sneak (Felid Enchanter)                   Turns: 6698, Time: 00:16:02

Health: -3/21      AC:  1    Str:  4    XL:     5   Next: 21%
Magic:  7/18       EV: 21    Int: 16    God:
Gold:   116        SH:  0    Dex: 18    Spells: 5/8 levels left
                                        Lives:  0   Deaths: 1

rFire    . . .     SeeInvis +     - Unarmed
rCold    . . .     Gourm    .   (shield unavailable)
rNeg     . . .     Faith    .   (armour unavailable)
rPois    .         Spirit   .   (helmet unavailable)
rElec    .         Reflect  .   (cloak unavailable)
rCorr    .         Harm     .   (gloves unavailable)
MR       .....                  (boots unavailable)
Stlth    ++++......             c - amulet of inaccuracy (curse)
HPRegen  0.07/turn              a - ring of magical power
MPRegen  0.16/turn              (no ring)

@: quick
A: very small, no armour, no weapons or thrown items, stealth, claws 1, fangs 3,
see invisible, carnivore, speed 1, shaggy fur 1, slow metabolism 1, sharp paws
a: no special abilities


You were on level 4 of the Dungeon.
You were full.

You visited 1 branch of the dungeon, and saw 4 of its levels.

You collected 116 gold pieces.

Inventory:

Jewellery
 a - a ring of magical power (left paw)
 c - a cursed amulet of inaccuracy (around neck)
Scrolls
 d - a scroll of identify
 h - 3 scrolls of teleportation
Potions
 e - a potion of degeneration
 f - a potion of berserk rage {unknown}
Comestibles
 b - 7 rations


   Skills:
 + Level 5.7 Dodging
 + Level 7.3 Stealth
 + Level 1.2 Unarmed Combat
 + Level 2.1 Spellcasting
 + Level 4.9 Hexes
 + Level 0.2 Ice Magic


You had 5 spell levels left.
You knew the following spells:

 Your Spells              Type           Power        Failure   Level  Hunger
a - Corona                Hex            ###....      2%          1    #......
b - Ensorcelled Hibernat  Hex/Ice        ##....       11%         2    ###....

Your spell library contained the following spells:

 Spells                   Type           Power        Failure   Level  Hunger
 Confusing Touch          Hex            ###.....     8%          3    ###....
 Tukima's Dance           Hex            ###.....     8%          3    ###....
 Dazzling Flash           Conj/Hex       #.....       22%         3    ###....


Dungeon Overview and Level Annotations

Branches:
Dungeon (4/15)
 Temple: D:4-7

Altars:
Fedhas
Yredelemnul

Annotations:
D:4 Purgy


Innate Abilities, Weirdness & Mutations

You cannot wear armour.
You are incapable of wielding weapons or throwing items.
Your paws allow you to move quietly. (Stealth)
You have sharp claws.
You have razor-sharp teeth.
You have supernaturally acute eyesight. (SInv)
You are carnivorous and can eat meat at any time.
You cover ground quickly.
You are covered in fur. (AC +1)
You have a slow metabolism.
Your sharp claws are effective at attacking unaware monsters.


Message History

The worker ant is lightly wounded.
The worker ant bites you.
You scratch the worker ant but do no damage.
The worker ant is lightly wounded.
The worker ant bites you.
You scratch the worker ant but do no damage.
The worker ant is lightly wounded.
The worker ant completely misses you.
You scratch the worker ant.
The worker ant is moderately wounded.
The worker ant closely misses you.
You miss the worker ant. Your bite misses the worker ant.
The worker ant is moderately wounded.
The worker ant barely misses you.
You scratch the worker ant but do no damage.
The worker ant is moderately wounded.
The worker ant misses you. The orc hits you with a +0 falchion.
* * * LOW HITPOINT WARNING * * *
The worker ant bites you!
You die...

# #....# #.#......[#
# #....# #.#.....###
# #....# #.#.....# #
#.o.## #.......# #
##.### ##......#
####...### #......#
.....8...#####.....#
####...#........ao.#
##.##.......>@..#
#.# .....#..### #.#
.....#..# #.# ....
#..# #.# .. #..# ..
#..# #..# #...


You could see a worker ant and an orc.

Vanquished Creatures
  A bullfrog skeleton (D:4)
  3 orc wizards
  2 worker ants
  3 adders
  3 worms
  2 dart slugs (D:1)
  6 leopard geckos
  14 orcs
  3 giant cockroaches (D:3)
  2 gnoll zombies (D:3)
  3 goblins
  5 hobgoblins
  9 kobolds
  3 quokkas
  2 ball pythons (D:4)
  5 bats
  6 frilled lizards
  A leopard gecko skeleton (D:4)
  8 rats
81 creatures vanquished.

Notes
Turn   | Place    | Note
-------+----------+-------------------------------------------
     0 | D:1      | DeadF the Felid Enchanter began the quest for the Orb.
     0 | D:1      | Reached XP level 1. HP: 7/7 MP: 4/4
   574 | D:1      | Reached XP level 2. HP: 11/11 MP: 6/6
  1340 | D:2      | Learned a level 2 spell: Ensorcelled Hibernation
  1395 | D:2      | Reached skill level 5 in Stealth
  1400 | D:2      | Reached XP level 3. HP: 13/14 MP: 7/7
  2643 | D:2      | Reached XP level 4. HP: 18/18 MP: 8/8
  3331 | D:3      | Found a blossoming altar of Fedhas.
  3530 | D:3      | Reached skill level 6 in Stealth
  3755 | D:3      | Reached skill level 5 in Dodging
  3882 | D:3      | Reached XP level 5. HP: 10/21 MP: 8/9
  4681 | D:3      | Found a basalt altar of Yredelemnul.
  5933 | D:4      | Noticed Purgy
  5967 | D:4      | Reached skill level 7 in Stealth
  6099 | D:4      | Noticed an ogre
  6614 | D:4      | Noticed an ogre
  6629 | D:4      | Mangled by an ogre
  6630 | D:4      | Reached XP level 4. HP: -8/18 MP: 16/17
  6654 | D:4      | Reached XP level 5. HP: 14/21 MP: 1/9
  6698 | D:4      | Slain by a worker ant

Illustrated notes

Levels and vault maps discovered:
D:1:      dpeg_arrival_round_b, layout_basic, minmay_box_of_dots
D:2:      layout_loops_ring, first_ration
D:3:      layout_loops_ring, lemuel_zombie_altar_yredelemnul,
          lemuel_coloured_pillars_altar
D:4:      layout_basic, minmay_misc_feat_tower, lightli_corner_chamber,
          uniq_purgy, uniq_pikel

Skill      XL: |  1  2  3  4  5 |
---------------+----------------+-----
Dodging        | 3 4 5 |  5.7
Stealth        | 5 6 7 |  7.3
Unarmed Combat | |  1.2
Spellcasting   | |  2.1
Hexes          | |  4.9
Ice Magic      | |  0.2

Action                   |  1- 3 |  4- 6 || total
-------------------------+-------+-------++-------
Melee: Unarmed           |    92 |   123 ||   215
       Bite              |     9 |     8 ||    17
       Punch             |     1 |       ||     1
 Cast: Corona            |     3 |       ||     3
       Ensorcelled Hiber |    23 |    57 ||    80
  Use: Scroll            |     2 |     5 ||     7
       Potion            |     1 |     1 ||     2
 Stab: Sleeping          |    30 |    33 ||    63
       Distracted        |     1 |       ||     1
  Eat: Chunk             |    12 |    14 ||    26
Armor: Skin              |     2 |     2 ||     4
Dodge: Dodged            |    60 |   107 ||   167
